 Dungeon Crawl Stone Soup version 0.31.0-11-ge490571c62 (webtiles) character file.

Game seed: 13474944994874724510

51 qw the Shooter (level 3, -1/18 HPs)
             Began as a Spriggan Hunter on Feb 3, 2024.
             Slain by a hobgoblin (3 damage)
             ... led by Robin
             ... on level 2 of the Dungeon.
             The game lasted 00:00:03 (993 turns).

qw the Shooter (Spriggan Hunter)                     Turns: 993, Time: 00:00:03

Health: -1/18      AC:  2    Str:  7    XL:     3   Next: 57%
Magic:  4/4        EV: 19    Int: 10    God:
Gold:   73         SH:  0    Dex: 20    Spells: 2/2 levels left

rFire   + . .        a - +0 shortbow
rCold   . . .        (shield currently unavailable)
rNeg    . . .        c - +0 robe
rPois   .            (helmet restricted)
rElec   .            (no cloak)
rCorr   .            (gloves unavailable)
SInv    +            (boots unavailable)
Will    ++...        e - amulet of the Endless Expanse {Acrobat Will++}
Stlth   ++           d - ring of protection from fire
HPRegen 0.23/turn    (no ring)
MPRegen 0.09/turn

%: acrobat
@: lethally poisoned (-1 -> -14), very quick
A: very small, no large weapons, unfitting armour, see invisible, speed 3
a: no special abilities


You were on level 2 of the Dungeon.
You visited 1 branch of the dungeon, and saw 2 of its levels.

You collected 73 gold pieces.


Innate Abilities, Weirdness & Mutations

You are very small and have problems with some larger weapons.
You are too small for most types of armour.
You have supernaturally acute eyesight. (SInv)
You cover ground extremely quickly. (Speed+++)


   Skills:
 - Level 1.5 Fighting
 + Level 4.8 Ranged Weapons
 - Level 4.0 Dodging
 - Level 1.5 Stealth


You had 2 spell levels left.
You didn't know any spells.
Your spell library was empty.

Inventory:

Hand Weapons
 a - a +0 shortbow (weapon)
Armour
 c - a +0 robe (worn)
Jewellery
 d - a ring of protection from fire (left hand)
 e - the amulet of the Endless Expanse (around neck) {Acrobat Will++}
   (You acquired it on level 1 of the Dungeon)

   [amulet of the acrobat]

   Acrobat:   It increases your evasion while moving and waiting.
   Will++:    It greatly increases your willpower.
Potions
 b - a potion of degeneration {unknown}
 f - 2 potions of curing {unknown}

Dungeon Overview and Level Annotations

Branches:
Dungeon (2/15)

Altars:

Annotations:
D:2 Robin


Message History

The arrow hits the hobgoblin but does no damage.
The hobgoblin is moderately wounded.
You hear a shout!
The hobgoblin misses you. The hobgoblin barely misses you.
A hobgoblin comes into view.
Robin of the Strong Arm comes into view.
They are wielding a +0 spear of venom.
The hobgoblin misses you.
You hear a bark! x2
You shoot an arrow. The arrow closely misses the hobgoblin.
The arrow hits the jackal!
You kill the jackal!
The hobgoblin barely misses you. The hobgoblin misses you.
You shoot an arrow. The arrow hits the hobgoblin.
You kill the hobgoblin!
Robin barely misses you. The hobgoblin misses you.
You shoot an arrow. The arrow hits the hobgoblin.
The hobgoblin is almost dead.
The goblin completely misses you.
A goblin comes into view. It is wielding a +0 dagger.
Robin roars a battlecry!
The goblins go into a battle-frenzy!
The hobgoblin hits you.
A goblin comes into view. It is wielding a +0 dagger.
You hear a shout!
You hear a bark! x2; You hear an angry hiss.
You shoot an arrow. The arrow barely misses the hobgoblin.
The arrow hits the goblin.
The goblin is severely wounded.
The hobgoblin hits you. Robin throws the goblin at you! The goblin misses you.
A jackal comes into view.
You shoot an arrow.
The arrow hits the hobgoblin but does no damage.
The hobgoblin is almost dead.
The goblin misses you. The hobgoblin closely misses you.
Robin hits you from afar with a +0 spear of venom.
You are lethally poisoned!
The goblin hits you but does no damage. The goblin barely misses you.
A hobgoblin comes into view.
Robin hits you from afar with a +0 spear of venom.
The hobgoblin hits you.
You die...

...#.#.....<...#...#
###.##########%#...###.###
### ##...#.........
##...###.####... #...##
##.# #....###.###
#.#...#....# #.#.#.g###.#
#.)###@# ... # #gg# ##.#


#g#gg # #g###h # .. ## You could see Robin, a jackal, 3 hobgoblins and 3
goblins.

Vanquished Creatures
  An adder (D:2)
  A dart slug (D:1)
  5 bats
  2 endoplasms (D:1)
  7 goblins
  2 hobgoblins (D:2)
  8 jackals
  A quokka (D:2)
  3 frilled lizards
  A kobold (D:2)
  3 rats
34 creatures vanquished.

Notes
Turn   | Place    | Note
-------+----------+-------------------------------------------
     0 | D:1      | qw the Spriggan Hunter began the quest for the Orb.
     0 | D:1      | Reached XP level 1. HP: 10/10 MP: 2/2
     0 | D:1      | 0 ||| qw: Version: 0.3-a-157-g843a77d
     0 | D:1      | 0 ||| qw: Game counter: 3920
     0 | D:1      | 0 ||| qw: Melee chars always use a shield: true
     0 | D:1      | 0 ||| qw: God list: Okawaru
     0 | D:1      | 0 ||| qw: Allow faded altars: false
     0 | D:1      | 0 ||| qw: Do Orc after clearing Dungeon:15 true
     0 | D:1      | 0 ||| qw: Do second Lair branch before Depths: true
     0 | D:1      | 0 ||| qw: Lair rune preference: random
     0 | D:1      | 0 ||| qw: Goals: Normal
     0 | D:1      | 0 ||| PLANNING D:1-11
    31 | D:1      | Reached skill level 3 in Dodging
    55 | D:1      | Reached XP level 2. HP: 14/14 MP: 3/3
   666 | D:1      | 666 ||| UPGRADING to ring of protection from fire.
   667 | D:1      | 667 ||| READING scroll labelled HOTTUST SOESME.
   667 | D:1      | Identified a scroll of acquirement
   667 | D:1      | 667 ||| ACQUIRING amulet of the Endless Expanse {Acrobat
                  | Will++}
   667 | D:1      | Acquired the amulet of the Endless Expanse {Acrobat Will++}
   669 | D:1      | 669 ||| UPGRADING to amulet of the Endless Expanse {Acrobat
                  | Will++}.
   674 | D:1      | 674 ||| READING scroll labelled VOARIOSTRAOF.
   775 | D:1      | 775 ||| READING scroll labelled CAROUJ URYNGOI.
   776 | D:1      | 776 ||| DROPPING scroll of butterflies.
   808 | D:2      | Reached XP level 3. HP: 18/18 MP: 4/4
   868 | D:2      | Found a faded altar of an unknown god.
   988 | D:2      | Noticed Robin
   993 | D:2      | HP: 3/18 [Robin/+0 spear of venom (5)]
   993 | D:2      | Slain by a hobgoblin

Levels and vault maps discovered:
D:1:      mrwooster_arrival_statue_3, layout_loops_ring
D:2:      layout_loops_ring, shapermc_ecumenical_altar_venn,
          uniq_crazy_yiuf_cottage, uniq_robin

Skill      XL: |  1  2 |
---------------+-------+-----
Dodging        | 3 4 |  4.0
Fighting       | |  1.5
Ranged Weapons | |  4.8
Stealth        | |  1.5

Action                     || total
---------------------------++-------
   Fire: Shortbow          ||    80
    Use: Scroll            ||     3
 Armour: Robe              ||    13
  Dodge: Dodged            ||    44

Table legend:
 A = Non-vault XP
 B = Vault XP
 C = Vault XP percentage of total XP
 D = Non-vault monster count
 E = Vault monster count
 F = Vault count percentage of total count
                 A         B        C        D         E       F
            +---------+---------+-------+---------+---------+-------
      Total |      65 |       8 |  11.0 |      30 |       4 |  11.8
            +---------+---------+-------+---------+---------+-------
        D:1 |      33 |       0 |   0.0 |      17 |       0 |   0.0
        D:2 |      32 |       8 |  20.0 |      13 |       4 |  23.5
            +---------+---------+-------+---------+---------+-------
